 Dungeon Crawl Stone Soup version 0.27.1-1-g398f81649c (webtiles) character file.

Game seed: 13536942350141577719

1743 ZARRMARR the Cutter (level 9, -6/62 HPs)
             Began as an Octopode Monk on Sept 10, 2021.
             Killed from afar by a steam dragon (15 damage)
             ... with a ball of steam
             ... on level 7 of the Dungeon.
             The game lasted 00:13:45 (8693 turns).

ZARRMARR the Cutter (Octopode Monk)                 Turns: 8693, Time: 00:13:45

Health: -6/62      AC:  1    Str: 16    XL:     9   Next: 6%
Magic:  0/9        EV: 15    Int: 15    God:
Gold:   309        SH:  0    Dex: 15    Spells: 8/8 levels left

rFire    . . .     SeeInvis .   a - +0 short sword
rCold    . . .     Faith    .   (no shield)
rNeg     . . .     Spirit   +   (helmet restricted)
rPois    +         Reflect  .   b - amulet of guardian spirit
rElec    .         Harm     .   m - ring of poison resistance
rCorr    +         Rampage  .   p - ring of resist corrosion
Will     .....                  s - +6 ring of strength
Stlth    +++++.....             (no ring)
HPRegen  0.20/turn              (no ring)
MPRegen  0.11/turn              (no ring)
                                (no ring)
                                (no ring)

@: no status effects
A: almost no armour, amphibious, 8 rings, camouflage 1, gelatinous body 1,
(nimble swimmer 1), tentacles
a: no special abilities


You were on level 7 of the Dungeon.
You visited 1 branch of the dungeon, and saw 7 of its levels.

You collected 309 gold pieces.

Inventory:

Hand Weapons
 a - a +0 short sword (weapon)
 j - a +1 rapier of distortion
Missiles
 w - 2 silver boomerangs
 x - 8 javelins (quivered)
 y - a curare-tipped dart
Armour
 v - a +0 buckler
Jewellery
 b - an amulet of guardian spirit (around mantle)
 m - a ring of poison resistance (left tentacle)
 p - a ring of resist corrosion (right tentacle)
 s - a +6 ring of strength (on tentacle)
Wands
 u - a wand of flame (18)
Scrolls
 f - 2 scrolls of amnesia
 i - a scroll of fear
 l - 2 scrolls of vulnerability
 n - a scroll of noise {unknown}
 o - a scroll of enchant armour {unknown}
 t - a scroll of fog {unknown}
 z - a scroll of silence {unknown}
 A - a scroll of teleportation
Potions
 c - 2 potions of mutation {unknown}
 d - 2 potions of berserk rage {unknown}
 e - 3 potions of curing {unknown}
 g - a potion of haste {unknown}
 h - 4 potions of brilliance {unknown}
 k - a potion of invisibility {unknown}
 q - 3 potions of degeneration {unknown}
 r - a potion of heal wounds {unknown}


   Skills:
 + Level 5.8 Fighting
 * Level 7.8 Short Blades
 + Level 5.8 Dodging
 + Level 7.7 Stealth


You had 8 spell levels left.
You didn't know any spells.
Your spell library contained the following spells:

 Spells                   Type           Power      Damage    Failure   Level
 Apportation              Tloc           0%         N/A       26%         1
 Conjure Flame            Conj/Fire      0%         6-21      63%         3
 Ignite Poison            Fire/Tmut/Pois 0%         N/A       63%         3
 Stone Arrow              Conj/Erth      0%         3d7       63%         3
 Sticky Flame             Conj/Fire      0%         2d3       95%         4
 Alistair's Intoxication  Tmut/Pois      0%         N/A       100%        5
 Bolt of Magma            Conj/Fire/Erth 0%         4d4       100%        5
 Invisibility             Hex            0%         N/A       100%        6
 Shatter                  Erth           0%         3d5*      100%        9


Dungeon Overview and Level Annotations

Branches:
Dungeon (7/15)
 Temple: D:4-7

Altars:

Shops:
D:1 (:((:

Annotations:
D:3 exclusion: downstairs
D:5 exclusion: 2 downstairs


Innate Abilities, Weirdness & Mutations

You cannot wear most types of armour.
You are amphibious.
You can wear up to eight rings at the same time.
Your skin changes colour to match your surroundings (Stealth+).
Your rubbery body absorbs attacks. (AC +1, EV +1)
((You are camouflaged near water. (Stealth+)))
You have tentacles for arms and can constrict up to eight enemies at once.


Message History

You are too injured to fight recklessly!
You are too injured to fight recklessly!
You are too injured to fight recklessly!
You are too injured to fight recklessly!
You hit the steam dragon. You squeeze the steam dragon!
The steam dragon is heavily wounded.
You barely miss the steam dragon. You squeeze the steam dragon.
The steam dragon is severely wounded.
The steam dragon misses you. The steam dragon claws you.
You closely miss the steam dragon.
The steam dragon is severely wounded.
The steam dragon misses you. The steam dragon completely misses you.
You hit the steam dragon.
You squeeze the steam dragon, but do no damage.
The steam dragon is severely wounded.
The steam dragon bites you! The steam dragon claws you.
* * * LOW HITPOINT WARNING * * *
You hit the steam dragon but do no damage.
The steam dragon is severely wounded.
You closely miss the steam dragon. You squeeze the steam dragon.
The steam dragon is almost dead.
The steam dragon breathes steam at you. The ball of steam misses you.
You hit the steam dragon but do no damage.
The steam dragon is almost dead.
You are engulfed in a cloud of scalding steam.
* * * LOW HITPOINT WARNING * * *
The steam dragon misses you. The steam dragon barely misses you.
You hit the steam dragon but do no damage.
The steam dragon is almost dead.
You are engulfed in a cloud of scalding steam.
* * * LOW HITPOINT WARNING * * *
You closely miss the steam dragon. You squeeze the steam dragon.
The steam dragon is almost dead.
The steam dragon bites you.
* * * LOW HITPOINT WARNING * * *
The steam dragon claws you but does no damage.
The steam dragon breathes steam at you. The ball of steam hits you!
You die...

######
....######
#D......#
#.@....$#
#§§.....#
######.§.....#
.......§§.....#
#######.......#
#.......#
#.......#
#....?..#
#.......#


You could see a steam dragon (catching breath).

Vanquished Creatures
  A wraith (D:6)
  Menkaure (D:5)
  2 black bears (D:6)
  2 ogres
  A centaur (D:6)
  A kobold brigand (D:6)
  2 wyvern zombies (D:6)
  A gnoll sergeant (D:6)
  A water moccasin skeleton (D:5)
  3 wights (D:6)
  A bullfrog zombie (D:6)
  2 hounds (D:6)
  A bullfrog skeleton (D:5)
  4 orc priests
  2 scorpion zombies (D:5)
  Ijyb (D:4)
  4 iguanas
  An orc wizard (D:4)
  4 gnolls (D:6)
  7 adders
  A shadow imp (D:6)
  An ufetubus (D:5)
  9 orcs
  3 endoplasms
  4 giant cockroaches
  5 hobgoblins
  4 quokkas
  7 ball pythons
  7 bats
  4 frilled lizards
  6 goblins
  5 kobolds
  5 rats
  2 bushes (D:1)
105 creatures vanquished.

Vanquished Creatures (others)
  4 plants (D:4)
4 creatures vanquished.

Grand Total: 109 creatures vanquished

Notes
Turn   | Place    | Note
-------+----------+-------------------------------------------
     0 | D:1      | ZARRMARR the Octopode Monk began the quest for the Orb.
     0 | D:1      | Reached XP level 1. HP: 16/16 MP: 1/1
   159 | D:1      | Found Qiawom's Antique Weapon Shop.
   267 | D:1      | Reached XP level 2. HP: 21/21 MP: 2/2
   271 | D:1      | Found Fyusuomo's Antique Weapon Shop.
   353 | D:1      | Found Gyawys's Book Emporium.
   511 | D:1      | Found Hokoppaf's Book Boutique.
   699 | D:1      | Found Dyfirarr's Weapon Shop.
  1110 | D:2      | Reached XP level 3. HP: 26/26 MP: 3/3
  1457 | D:2      | Found a faded altar of an unknown god.
  1845 | D:3      | Reached XP level 4. HP: 25/31 MP: 2/4
  2370 | D:3      | Noticed an ogre
  2378 | D:3      | Killed an ogre
  2379 | D:3      | Reached XP level 5. HP: 7/37 MP: 1/5
  3048 | D:3      | Reached XP level 6. HP: 41/43 MP: 6/6
  4254 | D:4      | Noticed Ijyb
  4264 | D:4      | Killed Ijyb
  4265 | D:4      | Reached skill level 5 in Short Blades
  4685 | D:4      | Reached skill level 5 in Stealth
  5202 | D:5      | Entered Level 5 of the Dungeon
  5275 | D:5      | Reached XP level 7. HP: 43/48 MP: 7/7
  5752 | D:5      | Noticed Menkaure
  5760 | D:5      | Killed Menkaure
  6184 | D:6      | Reached XP level 8. HP: 54/54 MP: 8/8
  6227 | D:6      | Noticed a wraith
  6247 | D:6      | Killed a wraith
  6248 | D:6      | Reached skill level 5 in Fighting
  6248 | D:6      | Reached skill level 5 in Dodging
  8161 | D:6      | Reached XP level 9. HP: 46/62 MP: 6/9
  8693 | D:7      | Killed from afar by a steam dragon

Illustrated notes

Levels and vault maps discovered:
D:1:      heliophobic_arrival_glass_houses, layout_basic, serial_forest,
          infiniplex_forest_lined_4_way, infiniplex_forest_clump_double,
          infiniplex_forest_fountain, infiniplex_forest_lined_2,
          infiniplex_forest_clump_large, infiniplex_forest_clump_tiny,
          infiniplex_forest_lined_3_way, infiniplex_forest_clump_medium,
          infiniplex_forest_clump_small, infiniplex_forest_clump_small,
          serial_shops, shop, shop, nicolae_shop_temple_entry_statues_fountains,
          shop, nicolae_diamond_shop, minmay_domino_4
D:2:      layout_loops_ring, dreamdust_ecumenical_altar_angels_and_demons
D:3:      layout_basic, hangedman_abyss_or_decor_stabs
D:4:      layout_cave_pods, guppyfry_early_lair_pool, uniq_ijyb
D:5:      layout_loops_ring, uniq_menkaure
D:6:      layout_cave_pods
D:7:      layout_rooms, kennysheep_mini_moat, tgw_fedhas, temple_hall,
          dk_noncrumbling_4, uniq_harold, uniq_maggie

Skill      XL: |  1  2  3  4  5  6  7  8 |
---------------+-------------------------+-----
Stealth        | 3 4 5 6 7 |  7.7
Short Blades   | 4 5 6 7 |  7.8
Fighting       | 4 5 |  5.8
Dodging        | 4 5 |  5.8

Action                   |  1- 3 |  4- 6 |  7- 9 || total
-------------------------+-------+-------+-------++-------
Melee: Short sword       |   254 |   101 |   155 ||   510
       Constrict         |    16 |    22 |    19 ||    57
       Tentacles         |    76 |    24 |    44 ||   144
Throw: Javelin           |       |       |     1 ||     1
  Use: Scroll            |     2 |     3 |     1 ||     6
 Stab: Sleeping          |     7 |     9 |    12 ||    28
Armor: Skin              |     6 |     4 |     3 ||    13
Dodge: Dodged            |    42 |    57 |    92 ||   191
